 Dungeon Crawl Stone Soup version 0.28-a0-723-g095bd1b44f (webtiles) character file.

Game seed: 7234659681294296358

228 bande the Covered (level 6, -3/38 HPs)
             Began as a Gargoyle Fighter on Oct 25, 2021.
             Slain by an ogre (10 damage)
             ... on level 4 of the Dungeon.
             The game lasted 00:05:53 (3221 turns).

bande the Covered (Gargoyle Fighter)                Turns: 3221, Time: 00:05:54

Health: -3/38      AC: 13    Str: 20    XL:     6   Next: 2%
Magic:  6/6        EV:  9    Int:  9    God:
Gold:   128        SH:  4    Dex: 10    Spells: 5/5 levels left

rFire   . . .      SeeInvis .   a - +1 war axe
rCold   . . .      Faith    +   c - +0 buckler
rNeg    + . .      Spirit   .   b - +0 scale mail
rPois   ∞          Reflect  .   j - +0 helmet
rElec   +          Harm     .   e - +0 cloak
rCorr   .          Rampage  .   (no gloves)
Will    .....                   (no boots)
Stlth   ..........              i - amulet of faith
HPRegen 0.12/turn               (no ring)
MPRegen 0.10/turn               (no ring)

@: mighty
A: sickness immunity, AC +4, negative energy resistance 1, electricity
resistance, torment resistance 1, petrification resistance
a: no special abilities


You were on level 4 of the Dungeon.
You visited 1 branch of the dungeon, and saw 4 of its levels.

You collected 128 gold pieces.

Inventory:

Hand Weapons
 a - a +1 war axe (weapon)
Armour
 b - a +0 scale mail (worn)
 c - a +0 buckler (worn)
 e - a +0 cloak (worn)
 j - a +0 helmet (worn)
Jewellery
 i - an amulet of faith (around neck)
Scrolls
 h - a scroll of fear
 l - a scroll of teleportation {unknown}
Potions
 f - a potion of haste {unknown}
 g - 2 potions of curing
 k - 2 potions of flight {unknown}


   Skills:
 + Level 4.1 Fighting
 + Level 3.9 Axes
 + Level 4.3 Armour
 + Level 4.2 Shields


You had 5 spell levels left.
You didn't know any spells.
Your spell library was empty.

Dungeon Overview and Level Annotations

Branches:
Dungeon (4/15)
 Temple: D:4-7

Altars:
Fedhas

Shops:
D:2 (![(

Annotations:
D:4 Grinder


Innate Abilities, Weirdness & Mutations

You are immune to sickness and miasma.
Your stone body is resilient. (AC +4)
You are immune to poison.
You resist negative energy. (rN+)
You are resistant to electric shocks. (rElec)
You are resistant to unholy torment.
You are immune to petrification.


Message History

The adder barely misses you. The adder bites you but does no damage.
You slash the adder!
You kill the adder!
You have reached level 6!
Your experience leads to an increase in your attributes!
Increase (S)trength, (I)ntelligence, or (D)exterity?
You feel agile.
Unknown command.
You start resting.
HP restored.
You start waiting.
Done waiting.
You start waiting.
Done waiting.
You climb downwards.
Level annotation: Grinder The ogre hits you with a +0 giant club.
The scorpion barely misses you. The ogre hits you with a +0 giant club!
There is a stone staircase leading up here.
You feel very mighty all of a sudden. The scorpion completely misses you.
The ogre hits you with a +0 giant club. The scorpion misses you.
You closely miss the ogre. You barely miss the ogre.
You closely miss the scorpion. The ogre completely misses you.
The ogre closely misses you.
The scorpion stings you but does no damage.
You slash the ogre!
The ogre is heavily wounded.
Your scale mail prevents you from hitting the scorpion.
You slash the ogre!
The scorpion stings you but does no damage.
The ogre hits you but does no damage. The ogre hits you with a +0 giant club!
* * * LOW HITPOINT WARNING * * *
The scorpion stings you.
* * * LOW HITPOINT WARNING * * *
You slash the ogre!
The ogre is almost dead.
You barely miss the ogre. You slash the scorpion! You block the ogre's attack.
Grinder blinks!
The ogre hits you with a +0 giant club!
You die...

#. #.# ..
.. #. #. .
#O####...#
#.@sS§.#
#.#Ol.##
## h.#....
.......
##... .
#.... #...
...


You could see a black bear, 2 ogres, a scorpion, an iguana and an adder.

Vanquished Creatures
  A black bear (D:3)
  Crazy Yiuf (D:2)
  4 adders
  A dart slug (D:2)
  A worm (D:2)
  7 endoplasms
  3 giant cockroaches
  10 goblins
  8 hobgoblins
  6 kobolds
  A quokka (D:1)
  8 ball pythons
  5 bats
  5 frilled lizards
  7 rats
68 creatures vanquished.

Vanquished Creatures (collateral kills)
  A ball python (D:2)
  A rat (D:2)
2 creatures vanquished.

Grand Total: 70 creatures vanquished

Notes
Turn   | Place    | Note
-------+----------+-------------------------------------------
     0 | D:1      | bande the Gargoyle Fighter began the quest for the Orb.
     0 | D:1      | Reached XP level 1. HP: 14/14 MP: 1/1
   218 | D:1      | Reached XP level 2. HP: 19/19 MP: 2/2
   720 | D:1      | Reached XP level 3. HP: 23/23 MP: 3/3
   873 | D:1      | Found a faded altar of an unknown god.
  1315 | D:2      | Found Westir's Weapon Boutique.
  1341 | D:2      | Found a runed translucent door.
  1342 | D:2      | Noticed Crazy Yiuf
  1512 | D:2      | Found Muvolug's Distillery.
  1596 | D:2      | Reached XP level 4. HP: 26/29 MP: 4/4
  1735 | D:2      | Found Perphimipn's Weapon Shoppe.
  1765 | D:2      | Found Ogij's Armour Emporium.
  2098 | D:2      | Killed Crazy Yiuf
  2223 | D:3      | Found a blossoming altar of Fedhas.
  2261 | D:3      | Reached XP level 5. HP: 33/33 MP: 5/5
  2531 | D:3      | Noticed a black bear
  2541 | D:3      | Killed a black bear
  2991 | D:4      | Noticed Grinder
  2991 | D:4      | Noticed an ogre
  2992 | D:4      | Noticed an ogre
  2992 | D:4      | Noticed a black bear
  3009 | D:3      | Reached XP level 6. HP: 37/38 MP: 6/6
  3221 | D:4      | Slain by an ogre

Illustrated notes

Levels and vault maps discovered:
D:1:      erik_arrival_orb_chamber, layout_basic,
          hellmonk_ecumenical_altar_run_dry
D:2:      layout_basic, serial_shops, shop, shop, shop, nicolae_shop_crystal,
          minmay_split_cup_large, uniq_crazy_yiuf_cottage
D:3:      layout_rooms, fedhas_altar_2, grunt_decor_junction
D:4:      minmay_diamond_boxcup, layout_basic, minmay_manual_moon, uniq_grinder

Skill      XL: |  1  2  3  4  5 |
---------------+----------------+-----
Axes           | 2 3 |  3.9
Armour         | 4 |  4.3
Shields        | 4 |  4.2
Fighting       | 4 |  4.1

Action                   |  1- 3 |  4- 6 || total
-------------------------+-------+-------++-------
Melee: War axe           |   118 |    92 ||   210
  Use: Scroll            |     3 |     4 ||     7
       Potion            |       |     1 ||     1
Armor: Scale mail        |    64 |    75 ||   139
Dodge: Dodged            |    46 |    70 ||   116
Block: Buckler           |    36 |    30 ||    66

Table legend: (Time is in decaauts)
 A = Elapsed time spent in this place.
 B = Non-inter-level travel time spent in this place.
 C = Inter-level travel time spent in this place.
 D = Time resting spent in this place.
 E = Time spent auto-exploring this place.
 F = Levels seen in this place.
 G = Mean time per level.
                   A        B        C        D        E       F      G
               +--------+--------+--------+--------+--------+-----+--------+
         Total |   3301 |   3180 |    121 |    524 |   2058 |   4 |  825.2 |
       Dungeon |   3301 |   3180 |    121 |    524 |   2058 |   4 |  825.2 |
               +--------+--------+--------+--------+--------+-----+--------+

Top non-repeatable levels by time:
     D:1: 1295 daAuts
     D:3: 1090 daAuts
     D:2: 906 daAuts
     D:4: 9 daAuts
